 Dungeon Crawl Stone Soup version 0.29.1-2-gbd0b4ee654 (webtiles) character file.

Game seed: 6567611122666565549

22807 hawla the Eclecticist (level 13, -11/144 HPs)
             Began as a Meteoran Ice Elementalist on Oct 28, 2022.
             Was a Priest of Vehumet.
             Mangled by a death yak (13 damage)
             ... on level 5 of the Lair of Beasts.
             The game lasted 00:41:56 (6217 turns).

hawla the Eclecticist (Meteoran Ice Elementalist)   Turns: 6217, Time: 00:41:57

Health: -11/144    AC:  7    Str: 12    XL:     13   Next: 63%
Magic:  34/34      EV: 16    Int: 29    God:    Vehumet [***...]
Gold:   655        SH:  0    Dex: 25    Spells: 27/44 levels left

rFire   + + .      SeeInvis .   t - +8 flail of Insomnia {vamp, *Corrode Int+5 Dex+5}
rCold   . . .      Faith    .   (no shield)
rNeg    . . .      Spirit   .   g - +1 robe "Sonlit" {rElec rF++ Regen+ Int-4}
rPois   .          Reflect  .   A - +2 hat
rElec   +          Harm     .   (no cloak)
rCorr   +          Rampage  .   C - +0 pair of gloves
Will    +....                   m - +0 pair of boots of Lucoid {Regen+ rCorr Str+2 Dex+5 Stlth+}
Stlth   ..........              v - amulet of magic regeneration
HPRegen 1.94/turn               e - +6 ring of intelligence
MPRegen 0.64/turn               (no ring)

@: berserking (expiring), lethally poisoned (-11 -> -12), freezing walls,
glowing, very quick
A: sense surroundings 2, otherworldly, glowing, explore regen
a: Renounce Religion


You were on level 5 of the Lair of Beasts.
You worshipped Vehumet.
Vehumet was most pleased with you.
You visited 3 branches of the dungeon, and saw 14 of its levels.

You collected 745 gold pieces.
You spent 90 gold pieces at shops.

Inventory:

Hand Weapons
 t - the +8 flail of Insomnia (weapon) {vamp, *Corrode Int+5 Dex+5}
   (You found it on level 1 of the Lair of Beasts)

   It occasionally heals its wielder for a portion of the damage dealt when it
   wounds a living foe.
   Int:       It affects your intelligence (+5).
   Dex:       It affects your dexterity (+5).
   *Corrode:  It may corrode you when you take damage.
 u - a +0 quarterstaff
Armour
 g - the +1 robe "Sonlit" (worn) {rElec rF++ Regen+ Int-4}
   (You found it on level 2 of the Lair of Beasts)

   Int:       It affects your intelligence (-4).
   rF:        It greatly protects you from fire.
   rElec:     It insulates you from electricity.
   Regen:     It increases your rate of health regeneration.
 i - a +0 helmet
 m - the +0 pair of boots of Lucoid (worn) {Regen+ rCorr Str+2 Dex+5 Stlth+}
   (You acquired it on level 4 of the Dungeon)

   Str:       It affects your strength (+2).
   Dex:       It affects your dexterity (+5).
   Regen:     It increases your rate of health regeneration.
   rCorr:     It protects you from acid and corrosion.
   Stlth:     It makes you more stealthy.
 A - a +2 hat (worn)
 C - a +0 pair of gloves (worn)
Magical Staves
 h - a staff of conjuration
 l - a staff of cold
Jewellery
 e - a +6 ring of intelligence (left hand)
 v - an amulet of magic regeneration (around neck)
 B - a ring of fire
Wands
 c - a wand of acid (5)
 k - a wand of roots (7) (quivered)
 y - a wand of charming (9)
Scrolls
 d - 2 scrolls of identify
 p - a scroll of silence
 s - 2 scrolls of poison
 x - 2 scrolls of fog
 z - a scroll of enchant weapon
Potions
 b - 2 potions of berserk rage
 j - 6 potions of curing
 n - a potion of ambrosia
 o - 2 potions of heal wounds
 q - a potion of might
 r - 3 potions of flight
 w - 2 potions of attraction


   Skills:
 + Level 3.8 Fighting
 + Level 3.8(4.4) Maces & Flails
 + Level 2.9(3.7) Staves
 + Level 4.7 Dodging
 - Level 1.4 Stealth
 + Level 16.1 Spellcasting
 + Level 4.2 Conjurations
 + Level 2.6 Necromancy
 + Level 3.4 Fire Magic
 + Level 10.6 Ice Magic
 + Level 13.2 Air Magic
 + Level 2.0 Evocations


You had 27 spell levels left.
You knew the following spells:

 Your Spells              Type           Power      Damage    Failure   Level
a - Scorch                Fire           86%        2d9       1%          2
b - Frozen Ramparts       Ice            100%       1d16      1%          3
c - Hailstorm             Conj/Ice       61%        3d13      1%          4
d - Airstrike             Air            39%        2d(6-22)  1%          4
e - Dispel Undead         Necr           39%        3d16      7%          4

Your spell library contained the following spells:

 Spells                   Type           Power      Damage    Failure   Level
 Sticky Flame             Conj/Fire      45%        2d6       1%          4
 Freeze                   Ice            100%       1d11      1%          1
 Shock                    Conj/Air       100%       1d9       1%          1
 Ozocubu's Armour         Ice            71%        N/A       1%          3
 Swiftness                Air            79%        N/A       1%          3
 Corpse Rot               Necr/Pois/Air  53%        N/A       2%          4
 Gell's Gravitas          Tloc           23%        N/A       6%          3
 Teleport Other           Tloc           23%        N/A       6%          3
 Summon Forest            Summ/Tloc      11%        N/A       50%         5
 Summon Mana Viper        Hex/Summ       23%        N/A       50%         5
 Death Channel            Necr           19%        N/A       71%         6
 Dispersal                Tloc           11%        N/A       97%         6
 Summon Cactus Giant      Summ           11%        N/A       97%         6


Dungeon Overview and Level Annotations

Branches:
Dungeon (9/15) Zot: 1030   Temple (1/1) D:7 Zot: 472    Lair (5/5) D:9 Zot: 616
  Swamp (0/4) Lair:3        Snake (0/4) Lair:2
  Slime: Lair:4-5       Orc: D:9-12

Altars:
Ashenzari
Cheibriados
Dithmenos
Fedhas
Gozag
Hepliaklqana
Kikubaaqudgha
Makhleb
Nemelex Xobeh
Okawaru
Qazlal
Ru
Sif Muna
Trog
Vehumet
Wu Jian
Xom
Yredelemnul
Zin
The Shining One

Shops:
D:2 (   D:3 *   D:4 (

Annotations:
D:2 1 runed translucent door
Lair:3 3 runed translucent doors, Tifoycil's ghost, journeyman BaFi


Innate Abilities, Weirdness & Mutations

You passively map the area around you.
You are easily found by Zot.
You glow in the dark.
You regain HP and MP as you explore.


Message History

You feel your power returning.
Your Spellcasting skill increases to level 16!
Unknown command.
You barely miss the death yak.
The death yak is almost dead.
You feel very sick.
You kill the yak!
Vehumet accepts your kill.
You feel your power returning.
The death yak is engulfed in poison gas.
The death yak looks even sicker.
The death yak is engulfed in poison gas.
The death yak looks even sicker.
The wall freezes the death yak!
You kill the death yak!
Vehumet accepts your kill.
You feel very sick.
You sock the water moccasin!
You feel better.
The water moccasin is heavily wounded.
You feel very sick.
The death yak is engulfed in poison gas.
The death yak looks as sick as possible!
The wall freezes the death yak! x2; The wall freezes the water moccasin!
The water moccasin bites you.
* * * LOW HITPOINT WARNING * * *
You miss the water moccasin.
The water moccasin is almost dead.
You feel very sick.
The yak bellows!
The wall freezes the death yak.
The death yak closely misses you. x2
The yak is engulfed in poison gas.
The yak is poisoned.
The wall freezes the water moccasin.
You kill the water moccasin!
Vehumet accepts your kill.
You bludgeon the death yak!!
The death yak is heavily wounded.
You feel very sick. The death yak gores you!!
* * * LOW HITPOINT WARNING * * *
The wall freezes the death yak!
The death yak gores you!
You die...

* * ,
P....##.##......# ,
#☼°☼☼.....##P..P##
, ☼☼○..#..°°......#
, ,
#○.☼...○..#....P#
,, .
##°○°..#°○###..###
#Y#.☼..P#°°☼°#...#*
, ,,
○°.°...##...##P...#
, 8 ,,
#☼..○.#☼.°☼###...#
* , #°..°@##.##
#...# , ,
,##°.YY#.+# #..##
,, ☼°°☼./..°., ,, ,
, °.8○○....☼,, *
*..☼.°○☼..Y☼ , * ,
, .#○#...☼..°○, ,
○..°☼.#☼#?..P* ,
°#☼☼.°###..☼## , ,,
,, * * ,


You could see 3 death yaks and a yak (poisoned).

Vanquished Creatures
  Gastronok (Lair:2)
  A hydra (Lair:1)
  2 two-headed ogres (D:9)
  2 death yaks (Lair:5)
  The ghost of Zeld the Thaumaturge, a novice DsCj of Gozag (D:9)
  2 bog bodies (Lair:3)
  A lindwurm (Lair:3)
  An elephant (Lair:1)
  6 black mambas
  8 cane toads
  2 komodo dragons
  A hornet (D:8)
  A polar bear (Lair:2)
  5 dream sheep (Lair:3)
  25 yaks
  A wyvern (D:9)
  Grum (D:8)
  A basilisk (Lair:1)
  Menkaure (D:7)
  2 swamp worms (Lair:3)
  2 orc warriors
  15 water moccasins
  An ice beast (D:7)
  An ogre (D:5)
  19 wolves
  3 centaurs
  3 phantoms
  7 bullfrogs
  A necrophage (D:7)
  4 scorpions
  14 killer bees
  An electric eel (Lair:3)
  A howler monkey (D:7)
  2 hounds
  4 orc priests
  5 iguanas
  Jessica (D:2)
  Natasha (thrice) (D:3)
  8 orc wizards
  Terence (D:3)
  Robin (D:2)
  8 gnolls
  2 adders (D:4)
  2 shadow imps
  A worm (D:5)
  3 dart slugs (D:5)
  41 orcs
  8 bats
  8 endoplasms
  3 giant cockroaches
  19 goblins
  15 hobgoblins
  8 jackals
  A quokka (D:2)
  6 ball pythons
  6 frilled lizards
  4 kobolds
  3 rats
  A spectral orc (D:5)
301 creatures vanquished.

Vanquished Creatures (others)
  5 fungi
  15 plants
20 creatures vanquished.

Grand Total: 321 creatures vanquished

Notes
Turn   | Place    | Note
-------+----------+-------------------------------------------
     0 | D:1      | hawla the Meteoran Ice Elementalist began the quest for the
                  | Orb.
     0 | D:1      | Reached XP level 1. HP: 14/14 MP: 5/5
   112 | D:1      | Reached XP level 2. HP: 17/20 MP: 6/6
   204 | D:1      | Reached skill level 3 in Spellcasting
   210 | D:1      | Reached skill level 5 in Ice Magic
   210 | D:1      | Reached XP level 3. HP: 20/26 MP: 1/8
   346 | D:1      | Learned a level 3 spell: Frozen Ramparts
   500 | D:1      | Glimpsed the power of Zot.
   607 | D:2      | Noticed Jessica
   613 | D:2      | Killed Jessica
   614 | D:2      | Reached XP level 4. HP: 22/33 MP: 4/10
   647 | D:2      | Found a faded altar of an unknown god.
   727 | D:2      | Found Odichokh's Antique Weapon Boutique.
   749 | D:2      | Found a runed translucent door.
   823 | D:2      | Reached skill level 4 in Spellcasting
   825 | D:2      | Reached XP level 5. HP: 38/38 MP: 5/12
   832 | D:2      | Noticed Robin
   845 | D:2      | Killed Robin
  1099 | D:2      | Glimpsed the power of Zot.
  1102 | D:3      | Noticed Terence
  1108 | D:3      | Killed Terence
  1114 | D:3      | Learned a level 4 spell: Hailstorm
  1334 | D:3      | Noticed Natasha
  1335 | D:3      | Killed Natasha
  1336 | D:3      | Reached XP level 6. HP: 45/45 MP: 8/13
  1426 | D:3      | Noticed Natasha
  1430 | D:3      | Killed Natasha
  1466 | D:3      | Found Cipuki's General Store.
  1472 | D:3      | Bought a scroll of blinking for 90 gold pieces
  1531 | D:3      | Noticed Natasha
  1536 | D:3      | Killed Natasha
  1537 | D:3      | Reached skill level 1 in Conjurations
  1677 | D:4      | Identified a scroll of acquirement
  1679 | D:4      | Acquired the +0 pair of boots of Lucoid {Regen+ rCorr Str+2
                  | Dex+5 Stlth+}
  1699 | D:4      | Reached XP level 7. HP: 50/50 MP: 2/14
  1850 | D:4      | Found Antigoth's Weapon Shop.
  1878 | D:4      | Learned a level 4 spell: Airstrike
  2018 | D:4      | Reached skill level 1 in Air Magic
  2177 | D:5      | Entered Level 5 of the Dungeon
  2268 | D:5      | Reached XP level 8. HP: 47/57 MP: 3/15
  2306 | D:5      | Reached skill level 5 in Air Magic
  2661 | D:5      | Found a hazy altar of Hepliaklqana.
  2820 | D:6      | Reached skill level 5 in Spellcasting
  2830 | D:6      | Gained mutation: You passively map the area around you.
                  | [Meteoran growth]
  2830 | D:6      | Reached XP level 9. HP: 63/63 MP: 2/18
  2833 | D:6      | Reached skill level 1 in Staves
  2936 | D:6      | Reached skill level 6 in Spellcasting
  2960 | D:6      | You fall into a shaft and drop 1 floor!
  3062 | D:6      | Found a shimmering blue altar of Sif Muna.
  3109 | D:6      | Found a snail-covered altar of Cheibriados.
  3165 | D:7      | Reached skill level 1 in Fighting
  3263 | D:7      | Reached skill level 7 in Spellcasting
  3294 | D:7      | Noticed Menkaure
  3296 | D:7      | Killed Menkaure
  3372 | D:7      | Found a staircase to the Ecumenical Temple.
  3388 | Temple   | Entered the Ecumenical Temple
  3465 | Temple   | Became a worshipper of Vehumet
  3615 | D:8      | Noticed Grum
  3622 | D:8      | Reached skill level 8 in Spellcasting
  3622 | D:8      | Reached XP level 10. HP: 48/72 MP: 21/23
  3623 | D:8      | Killed Grum
  3673 | D:8      | Reached skill level 9 in Spellcasting
  3675 | D:8      | Reached * piety under Vehumet
  3675 | D:8      | Offered knowledge of Sandblast by Vehumet.
  3851 | D:8      | Identified the +0 robe of the Sun {Str-4 Int+4 Dex+7}
  4146 | D:9      | Reached skill level 10 in Spellcasting
  4166 | D:9      | Found a runed translucent gate.
  4166 | D:9      | Found a runed translucent gate.
  4172 | D:9      | Found a runed translucent gate.
  4177 | D:9      | Noticed Zeld's ghost (novice DsCj)
  4184 | D:9      | Killed Zeld's ghost
  4185 | D:9      | Reached XP level 11. HP: 76/79 MP: 10/26
  4332 | D:9      | Noticed a two-headed ogre
  4336 | D:9      | Killed a two-headed ogre
  4359 | D:9      | Reached skill level 11 in Spellcasting
  4426 | D:9      | Found a staircase to the Lair.
  4438 | D:9      | Noticed a two-headed ogre
  4441 | D:9      | Killed a two-headed ogre
  4442 | D:9      | Reached skill level 10 in Air Magic
  4453 | Lair:1   | Entered Level 1 of the Lair of Beasts
  4477 | Lair:1   | Reached skill level 10 in Ice Magic
  4519 | Lair:1   | Identified the +1 chain mail of Ajaxtiatou {Str+4}
  4678 | Lair:1   | Reached ** piety under Vehumet
  4678 | Lair:1   | Offered knowledge of Scorch by Vehumet.
  4679 | Lair:1   | Reached skill level 12 in Spellcasting
  4761 | Lair:1   | Noticed a black mamba
  4764 | Lair:1   | Killed a black mamba
  4769 | Lair:1   | Identified the +8 flail of Insomnia {vamp, *Corrode Int+5
                  | Dex+5}
  4847 | Lair:1   | Learned a level 2 spell: Scorch
  4854 | Lair:1   | Reached skill level 1 in Maces & Flails
  4864 | Lair:1   | Reached XP level 12. HP: 32/89 MP: 25/29
  4896 | Lair:1   | Noticed a four-headed hydra
  4901 | Lair:1   | Killed a four-headed hydra
  4916 | Lair:1   | Reached skill level 13 in Spellcasting
  4948 | Lair:1   | Glimpsed the power of Zot.
  4974 | Lair:2   | Reached skill level 1 in Fire Magic
  4993 | Lair:2   | Identified the +1 robe "Sonlit" {rElec rF++ Regen+ Int-4}
  5161 | Lair:2   | Reached skill level 14 in Spellcasting
  5162 | Lair:2   | Offered knowledge of Static Discharge by Vehumet.
  5196 | Lair:2   | Found a staircase to the Snake Pit.
  5461 | Lair:2   | Reached *** piety under Vehumet
  5463 | Lair:2   | Reached XP level 13. HP: 54/95 MP: 23/32
  5467 | Lair:2   | Noticed Gastronok
  5481 | Lair:2   | Killed Gastronok
  5482 | Lair:2   | Reached skill level 15 in Spellcasting
  5546 | Lair:2   | Glimpsed the power of Zot.
  5674 | Lair:3   | Found a runed translucent gate.
  5676 | Lair:3   | Found a runed translucent gate.
  5676 | Lair:3   | Found a runed translucent gate.
  5677 | Lair:3   | Noticed a death yak
  5677 | Lair:3   | Noticed Tifoycil's ghost (journeyman BaFi)
  5769 | Lair:3   | Offered knowledge of Sticky Flame by Vehumet.
  5856 | Lair:2   | Learned a level 4 spell: Dispel Undead
  5933 | Lair:3   | Found a staircase to the Swamp.
  6134 | Lair:3   | Glimpsed the power of Zot.
  6148 | Lair:3   | You fall into a shaft and drop 2 floors!
  6148 | Lair:5   | Entered Level 5 of the Lair of Beasts
  6195 | Lair:5   | Noticed a death yak
  6195 | Lair:5   | Noticed a death yak
  6195 | Lair:5   | Noticed a death yak
  6196 | Lair:5   | Noticed a death yak
  6198 | Lair:5   | Noticed a death yak
  6208 | Lair:5   | HP: 4/95 [death yak (14)]
  6209 | Lair:5   | Killed a death yak
  6213 | Lair:5   | Reached skill level 16 in Spellcasting
  6213 | Lair:5   | Killed a death yak
  6217 | Lair:5   | HP: 2/144 [death yak (22)]
  6217 | Lair:5   | Mangled by a death yak

Illustrated notes

Levels and vault maps discovered:
D:1:      amcnicky_arrival_choice, layout_loops_cross
D:2:      layout_loops_ring, serial_shops,
          nicolae_shop_competitors_out_of_business,
          shapermc_ecumenical_altar_acropolis, uniq_crazy_yiuf_cottage,
          uniq_jessica, uniq_robin
D:3:      layout_loops_ring, serial_shops, shop_fountains, uniq_terence,
          uniq_natasha
D:4:      layout_basic, serial_shops, nicolae_shop_bloodbath_and_beyond
D:5:      layout_basic, nicolae_hepliaklqana_monster_ancestors,
          hangedman_decor_lopped
D:6:      corexii_shack_village, layout_basic,
          gammafunk_temple_overflow_forgotten
D:7:      layout_cave_pools, minmay_temple_entry_arrows,
          kennysheep_another_room, uniq_menkaure
D:8:      layout_rooms, grunt_decor_fettered, uniq_grum
D:9:      layout_grid_maze, dpeg_oklobed_lair, ebering_ghost_rock_garden
Temple:   regret_index_temple_mists
Lair:1:   layout_gridlike, chequers_serial_rivers_micro_c,
          grunt_forest_large_clearing_hut, grunt_megastairs_1
Lair:2:   layout_gridlike, minmay_snake_entry_six_corridors, uniq_gastronok
Lair:3:   layout_hall_layers, nicolae_swamp_entry_splash_gauntlet,
          gammafunk_ghost_split, chequers_serial_rivers_small_3
Lair:5:   hellmonk_lair_end_abyssal_woods, layout_regular_city,
          chequers_serial_rivers_small_a, infiniplex_staircase_pool,
          grunt_megastairs_4, uniq_snorg

Skill      XL: |  1  2  3  4  5  6  7  8  9 10 11 12 13 |
---------------+----------------------------------------+-----
Spellcasting   | 3 4 5 8 10 12 14 16 | 16.1
Ice Magic      | 5 6 7 8 9 10 | 10.6
Conjurations   | 1 2 3 4 |  4.2
Air Magic      | 3 6 7 9 11 12 13 | 13.2
Evocations     | 2 |  2.0
Staves         | 2 |  2.9
Dodging        | 3 4 |  4.7
Fighting       | 1 2 3 |  3.8
Maces & Flails | 1 3 |  3.8
Fire Magic     | 3 |  3.4
Necromancy     | 2 |  2.6
Stealth        | |  1.4

Action                   |  1- 3 |  4- 6 |  7- 9 | 10-12 | 13-15 || total
-------------------------+-------+-------+-------+-------+-------++-------
Melee: Unarmed           |    15 |     1 |       |       |       ||    16
       Staff             |       |    38 |    51 |    16 |       ||   105
       Flail             |       |       |       |    27 |    17 ||    44
       Punch             |       |       |       |     2 |     1 ||     3
 Cast: Freeze            |    29 |    13 |    18 |     6 |       ||    66
       Frozen Ramparts   |     9 |    16 |    31 |    22 |     3 ||    81
       Hailstorm         |       |     9 |    15 |    22 |     6 ||    52
       Airstrike         |       |       |    23 |    67 |    32 ||   122
       Scorch            |       |       |       |    33 |     5 ||    38
       Dispel Undead     |       |       |       |       |     4 ||     4
  Use: Scroll            |       |     7 |     9 |     8 |     5 ||    29
       Potion            |       |       |     3 |       |     3 ||     6
Armor: Robe              |     4 |    29 |    28 |    19 |     5 ||    85
Dodge: Dodged            |    28 |    36 |    55 |    63 |    27 ||   209
